 Dungeon Crawl Stone Soup version 0.31-a0-965-g8a8ce12e04 (webtiles) character file.

Game seed: 7207209976434543564

275 jlumianski the Ruffian (level 6, -2/38 HPs)
             Began as a Gnoll Shapeshifter on Oct 27, 2023.
             Was an Initiate of Wu Jian.
             Slain by an orc
             ... wielding a +0 falchion
              (5 damage)
             ... on level 4 of the Dungeon.
             The game lasted 00:15:51 (2733 turns).

jlumianski the Ruffian (Gnoll Shapeshifter)         Turns: 2733, Time: 00:15:52

Health: -2/38      AC:  6    Str: 20    XL:     6   Next: 24%
Magic:  8/8        EV: 11    Int:  9    God:    Wu Jian [......]
Gold:   142        SH:  0    Dex: 12    Spells: 8/8 levels left

rFire   . .          .
                       - Unarmed
rCold   . . .        (shield currently unavailable)
rNeg    . . .        m - melded +0 chain mail
rPois   .            (helmet currently unavailable)
rElec   .            (cloak currently unavailable)
rCorr   .            (gloves currently unavailable)
SInv    .            (boots currently unavailable)
Will    .....        (no amulet)
Stlth   ++           (no ring)
HPRegen 0.26/turn    (no ring)
MPRegen 0.11/turn

%: random rage (3%)
@: snake-form
A: constrict, reduced hp, large, (fangs 1), strong nose, distributed training,
berserk 1, (cold resistance 1), (fire resistance 1), (poison resistance)
a: Begin Untransformation, Renounce Religion


You were on level 4 of the Dungeon.
You worshipped Wu Jian.
Wu Jian was noncommittal.
You were an enormous anaconda.
You visited 2 branches of the dungeon, and saw 5 of its levels.

You collected 142 gold pieces.

Inventory:

Hand Weapons
 j - a +0 short sword of electrocution
Missiles
 C - 5 boomerangs
Armour
 a - a +0 animal skin
 e - an orb of energy
 m - a +0 chain mail (melded)
 o - an orb of guile
 p - a +0 pair of gloves
 s - an orb of energy
 u - a +0 plate armour
 w - a +1 leather armour of cold resistance
Talismans
 c - a beast talisman
 d - a flux talisman
 r - a serpent talisman (active)
Scrolls
 f - a scroll of enchant armour {unknown}
 k - a scroll of noise {unknown}
 q - a scroll of immolation {unknown}
 v - a scroll of blinking {unknown}
 x - a scroll of poison {unknown}
 y - a scroll of fog {unknown}
 B - a scroll of amnesia {unknown}
 D - a scroll of teleportation {unknown}
Potions
 b - 3 potions of lignification
 g - a potion of curing
 h - a potion of enlightenment {unknown}
 i - 3 potions of mutation
 l - 2 potions of magic
 n - a potion of brilliance {unknown}
 t - a potion of cancellation
 z - a potion of berserk rage {unknown}
 A - a potion of degeneration {unknown}


   Skills:
 + Level 3.2 Fighting
 + Level 1.9 Short Blades
 + Level 1.9 Long Blades
 + Level 1.9 Axes
 + Level 1.9 Maces & Flails
 + Level 1.9 Polearms
 + Level 1.9 Staves
 + Level 1.9 Ranged Weapons
 + Level 1.9 Throwing
 + Level 1.9 Armour
 + Level 5.0 Dodging
 + Level 1.9 Stealth
 + Level 1.9 Shields
 + Level 6.8 Unarmed Combat
 + Level 1.9 Spellcasting
 + Level 1.5 Conjurations
 + Level 1.5 Hexes
 + Level 1.5 Summonings
 + Level 1.5 Necromancy
 + Level 1.5 Translocations
 + Level 1.5 Transmutations
 + Level 1.5 Fire Magic
 + Level 1.5 Ice Magic
 + Level 1.5 Air Magic
 + Level 1.5 Earth Magic
 + Level 1.5 Poison Magic
 + Level 2.1 Invocations
 + Level 1.9 Evocations
 + Level 6.7 Shapeshifting


You had 8 spell levels left.
You didn't know any spells.
Your spell library contained the following spells:

 Spells                   Type           Power      Damage    Failure   Level
 Ensorcelled Hibernation  Hex/Ice        6%         N/A       26%         2
 Jinxbite                 Hex            6%         N/A       26%         2
 Passwall                 Tmut/Erth      2%         N/A       26%         2
 Swiftness                Air            3%         N/A       47%         3
 Anguish                  Hex/Necr       1%         N/A       87%         4


Dungeon Overview and Level Annotations

Branches:
Dungeon (4/15)             Temple (1/1) D:4

Altars:
Cheibriados
Dithmenos
Elyvilon
Fedhas
Gozag
Hepliaklqana
Kikubaaqudgha
Makhleb
Nemelex Xobeh
Okawaru
Qazlal
Ru
Sif Muna
Trog
Uskayaw
Vehumet
Wu Jian
Xom
Zin
The Shining One


Innate Abilities, Weirdness & Mutations

You are an enormous anaconda.
You have a powerful constriction melee attack.
Your maximum health is decreased, since you lack skill for your form.
Your armour is entirely melded.
You are incapable of wielding weapons or throwing items.
((You have very sharp teeth.))
Your uncanny sense of smell can sniff out nearby items.
Your experience applies equally to all skills.
You sometimes lose your temper in combat.
((Your flesh is cold resistant. (rC+)))
((Your flesh is heat resistant. (rF+)))
((Your system is resistant to poisons. (rPois)))


Message History

Found 5 stones.
You see here 5 stones.
You now have 142 gold pieces (gained 8).
An orc priest comes into view. It is wielding a +0 club.
A hobgoblin and 2 orcs come into view.
The hobgoblin shouts!
The orc shouts!
You hear a shout!
An iguana, an orc priest and an orc come into view.
Found 15 gold pieces.
The iguana hisses angrily.
The orc shouts!
Found a stone staircase leading down.
A scorpion comes into view.
You lunge at the hobgoblin.
The orc shouts!
The orc priest shouts! x2
You body-slam the hobgoblin!!
You kill the hobgoblin!
The Council accepts your kill.
You hear a shout!
The orc priest looks braver for a moment.
You lunge at the orc.
You barely miss the orc. You grab the orc.
You constrict the orc, but do no damage.
The orc hits you with a +0 dagger. The orc hits you with a +0 flail.
You lash the orc!
You kill the orc!
The Council accepts your kill.
The orc priest invokes the aid of Beogh against you.
Beogh smites you! The orc hits you but does no damage.
Your Dodging skill increases to level 5!
You hit the orc priest but do no damage.
Your grab misses the orc priest.
The orc priest invokes the aid of Beogh against you.
Beogh smites you!
* * * LOW HITPOINT WARNING * * *
The orc barely misses you. x2
An orc comes into view. It is wielding a +0 falchion.
You lash the orc priest! You grab the orc priest.
The orc priest is severely wounded.
You constrict the orc priest. The orc priest hits you with a +0 club.
* * * LOW HITPOINT WARNING * * *
The orc closely misses you. The orc hits you with a +0 falchion.
You die...

#....##.#.. .#..####.##
......#.# ...........
... #.. #######....
##.##.###########.#.
#####..............(....
#.....l#.##############.
.........# #. ......o..#
#. .$....oS.# #.
......oos# #. .........#
## .........# ..........
.......>### .........
..o......


You could see a scorpion, an iguana, 2 orc priests and 3 orcs.

Vanquished Creatures
  2 orc priests
  Terence (D:2)
  2 orc wizards (D:3)
  4 adders
  4 dart slugs
  14 orcs
  6 bats
  5 endoplasms
  5 giant cockroaches
  3 goblins
  8 hobgoblins
  4 jackals (D:3)
  3 quokkas
  4 ball pythons
  4 frilled lizards
  5 kobolds
  8 rats
82 creatures vanquished.

Notes
Turn   | Place    | Note
-------+----------+-------------------------------------------
     0 | D:1      | jlumianski the Gnoll Shapeshifter began the quest for the
                  | Orb.
     0 | D:1      | Reached XP level 1. HP: 17/17 MP: 1/1
     2 | D:1      | Noticed a minotaur
     2 | D:1      | Noticed a gargoyle
     4 | D:1      | Noticed a naga
     4 | D:1      | Noticed a merfolk
     6 | D:1      | Noticed a felid
     8 | D:1      | Noticed a vine stalker
     8 | D:1      | Noticed an elf
    10 | D:1      | Noticed a ghoul
    10 | D:1      | Noticed a troll
    12 | D:1      | Noticed an armataur
    14 | D:1      | Noticed a formicid
    14 | D:1      | Noticed an ogre
    16 | D:1      | Noticed a vampire
    16 | D:1      | Noticed a tengu
    18 | D:1      | Noticed a meteoran
    18 | D:1      | Noticed an octopode
    20 | D:1      | Noticed a demonspawn
    22 | D:1      | Noticed a spriggan
    22 | D:1      | Noticed a draconian
    24 | D:1      | Noticed an elf
    24 | D:1      | Noticed a human
    26 | D:1      | Noticed a demonspawn
   110 | D:1      | Reached XP level 2. HP: 23/23 MP: 2/2
   161 | D:2      | Found a faded altar of an unknown god.
   524 | D:2      | Noticed Terence
   534 | D:2      | Killed Terence
   535 | D:2      | Reached skill level 1 in Invocations
   535 | D:2      | Reached XP level 3. HP: 9/28 MP: 2/4
   698 | D:2      | Reached skill level 1 in Short Blades
   698 | D:2      | Reached skill level 1 in Long Blades
   698 | D:2      | Reached skill level 1 in Axes
   698 | D:2      | Reached skill level 1 in Maces & Flails
   698 | D:2      | Reached skill level 1 in Polearms
   698 | D:2      | Reached skill level 1 in Staves
   698 | D:2      | Reached skill level 1 in Ranged Weapons
   698 | D:2      | Reached skill level 1 in Throwing
   698 | D:2      | Reached skill level 1 in Armour
   698 | D:2      | Reached skill level 1 in Stealth
   698 | D:2      | Reached skill level 1 in Shields
   698 | D:2      | Reached skill level 1 in Spellcasting
   698 | D:2      | Reached skill level 1 in Evocations
   743 | D:2      | Reached XP level 4. HP: 31/34 MP: 5/5
  1035 | D:3      | Reached skill level 1 in Conjurations
  1035 | D:3      | Reached skill level 1 in Hexes
  1035 | D:3      | Reached skill level 1 in Summonings
  1035 | D:3      | Reached skill level 1 in Necromancy
  1035 | D:3      | Reached skill level 1 in Translocations
  1035 | D:3      | Reached skill level 1 in Transmutations
  1035 | D:3      | Reached skill level 1 in Fire Magic
  1035 | D:3      | Reached skill level 1 in Ice Magic
  1035 | D:3      | Reached skill level 1 in Air Magic
  1035 | D:3      | Reached skill level 1 in Earth Magic
  1035 | D:3      | Reached skill level 1 in Poison Magic
  1185 | D:3      | Reached XP level 5. HP: 30/40 MP: 5/7
  1201 | D:3      | Gained mutation: You sometimes lose your temper in combat.
                  | [potion of mutation]
  1201 | D:3      | Gained mutation: Your flesh is heat resistant. (rF+)
                  | [potion of mutation]
  1201 | D:3      | Gained mutation: Your system is resistant to poisons.
                  | (rPois) [potion of mutation]
  1201 | D:3      | Gained mutation: Your flesh is cold resistant. (rC+)
                  | [potion of mutation]
  1300 | D:3      | Reached XP level 6. HP: 29/47 MP: 8/8
  2315 | D:4      | Found a staircase to the Ecumenical Temple.
  2325 | Temple   | Entered the Ecumenical Temple
  2479 | Temple   | Became a worshipper of the Wu Jian Council
  2732 | D:4      | Reached skill level 5 in Dodging
  2733 | D:4      | Slain by an orc

Illustrated notes

Levels and vault maps discovered:
D:1:      kb_arrival_jail, layout_loops_ring, nicolae_the_louvre
D:2:      wander_river, layout_basic, shapermc_ecumenical_altar_mp_highgroup,
          grunt_ministairs_11, minmay_liquid_box, uniq_terence
D:3:      cheibrodos_pilgrimage, layout_basic, chequers_serial_rivers_marsh
D:4:      layout_rooms, minmay_temple_entry_drinking_statues,
          gammafunk_ghost_nasty_kobolds, hangedman_abyss_or_decor_slice
Temple:   mainiacjoe_temple_big_plus

Skill      XL: |  1  2  3  4  5  6 |
---------------+-------------------+-----
Invocations    | 1 2 |  2.1
Short Blades   | 1 |  1.9
Long Blades    | 1 |  1.9
Axes           | 1 |  1.9
Maces & Flails | 1 |  1.9
Polearms       | 1 |  1.9
Staves         | 1 |  1.9
Ranged Weapons | 1 |  1.9
Throwing       | 1 |  1.9
Armour         | 1 |  1.9
Stealth        | 1 |  1.9
Shields        | 1 |  1.9
Spellcasting   | 1 |  1.9
Evocations     | 1 |  1.9
Conjurations   | 1 |  1.5
Hexes          | 1 |  1.5
Summonings     | 1 |  1.5
Necromancy     | 1 |  1.5
Translocations | 1 |  1.5
Transmutations | 1 |  1.5
Fire Magic     | 1 |  1.5
Ice Magic      | 1 |  1.5
Air Magic      | 1 |  1.5
Earth Magic    | 1 |  1.5
Poison Magic   | 1 |  1.5
Fighting       | 3 |  3.2
Dodging        | 5 |  5.0
Unarmed Combat | |  6.8
Shapeshifting  | |  6.7

Action                     |  1- 3 |  4- 6 || total
---------------------------+-------+-------++-------
  Melee: Unarmed           |    48 |   112 ||   160
         Bite              |     3 |     1 ||     4
         Punch             |     2 |       ||     2
         Constrict         |       |    26 ||    26
Ability: Lunge             |       |     2 ||     2
    Use: Potion            |       |     4 ||     4
   Stab: Sleeping          |     1 |     5 ||     6
         Distracted        |       |     1 ||     1
 Armour: Animal skin       |    21 |       ||    21
         Chain mail        |    17 |     2 ||    19
         Skin              |       |    50 ||    50
  Dodge: Dodged            |    20 |    46 ||    66
   Form: Anaconda          |       |     1 ||     1

Table legend: (Time is in decaauts)
 A = Elapsed time spent in this place.
 B = Non-inter-level travel time spent in this place.
 C = Inter-level travel time spent in this place.
 D = Time resting spent in this place.
 E = Time spent auto-exploring this place.
 F = Levels seen in this place.
 G = Mean time per level.
                   A        B        C        D        E       F      G
               +--------+--------+--------+--------+--------+-----+--------+
         Total |   2748 |   2662 |     86 |    116 |   1159 |   5 |  549.6 |
       Dungeon |   2556 |   2470 |     86 |    116 |   1159 |   4 |  639.0 |
        Temple |    191 |    191 |      0 |      0 |      0 |   1 |  191.0 |
               +--------+--------+--------+--------+--------+-----+--------+

Top non-repeatable levels by time:
     D:2: 977 daAuts
     D:1: 840 daAuts
     D:3: 525 daAuts
     D:4: 212 daAuts
  Temple: 191 daAuts
